 Dungeon Crawl Stone Soup version 0.21.0 (webtiles) character file.

2428 Hekarica the Skirmisher (level 9, -14/62 HPs)
             Began as an Octopode Venom Mage on May 23, 2018.
             Was an Initiate of Gozag.
             Demolished by a two-headed ogre
             ... wielding a +0 giant club
              (22 damage)
             ... on level 8 of the Dungeon.
             The game lasted 00:54:00 (7635 turns).

Hekarica the Skirmisher (Octopode Venom Mage)       Turns: 7635, Time: 00:54:05

Health: -14/62     AC:  3    Str: 20    XL:     9   Next: 48%
Magic:  4/16       EV: 15    Int: 19    God:    Gozag
Gold:   151        SH:  0    Dex: 11    Spells: 14/18 levels left

rFire    x x .     SeeInvis +   z - +5 mace "Killer Klown's Doom" {vamp, Str+7 Dex-2}
rCold    + + +     Gourm    .   (no shield)
rNeg     + . .     Faith    .   (helmet restricted)
rPois    .         Spirit   .   (no amulet)
rElec    .         Reflect  .   c - ring of protection from cold
rCorr    .         Harm     .   f - ring of ice
MR       .....                  r - ring of ice
Stlth    +++.......             o - +2 ring of protection
HPRegen  0.20/turn              t - ring of flight
MPRegen  0.15/turn              u - ring of see invisible
                                y - ring of positive energy
                                (no ring)

@: mighty, gold aura
A: almost no armour, stealthy swim, amphibious, 8 rings, constrict 8, camouflage
1, gelatinous body 1
a: Potion Petition, Call Merchant, Bribe Branch, Renounce Religion, Evoke Flight


You were on level 8 of the Dungeon.
You worshipped Gozag.
Gozag was aware of your devotion.
You were not hungry.

You visited 2 branches of the dungeon, and saw 9 of its levels.

You collected 981 gold pieces.
You paid 830 gold pieces to Gozag.

Inventory:

Hand Weapons
 l - a +2 whip of distortion
 z - the +5 mace "Killer Klown's Doom" (weapon) {vamp, Str+7 Dex-2}
   (You found it on level 7 of the Dungeon)

   It inflicts no extra harm, but heals its wielder when it wounds a living foe.
   It affects your strength (+7).
   It affects your dexterity (-2).
Missiles
 n - 6 javelins (quivered)
Armour
 i - a scarf of repulsion
 w - a cursed -1 helmet
Jewellery
 c - a ring of protection from cold (left tentacle)
 f - a ring of ice (right tentacle)
 o - a +2 ring of protection (on tentacle)
 r - a ring of ice (on tentacle)
 t - a ring of flight (on tentacle)
 u - a ring of see invisible (on tentacle)
 y - a ring of positive energy (on tentacle)
Wands
 j - a wand of flame (46)
 q - a wand of polymorph (12)
 x - a wand of paralysis (14)
Scrolls
 d - 2 scrolls of enchant weapon
 e - 3 scrolls of enchant armour
 m - a scroll of magic mapping
 s - 2 scrolls of immolation
 v - 4 scrolls of remove curse
Potions
 g - a potion of brilliance
 h - a potion of agility
 A - a potion of mutation {unknown}
Books
 a - a Young Poisoner's Handbook

   Spells                             Type                      Level
   a - Sting                          Conjuration/Poison           1
   b - Poisonous Vapours              Poison/Air                   2
   c - Mephitic Cloud                 Conjuration/Poison/Air       3
   d - Olgreb's Toxic Radiance        Poison                       4
   e - Venom Bolt                     Conjuration/Poison           5
 C - a book of Cantrips

   Spells                             Type                      Level
   a - Confusing Touch                Hexes                        1
   b - Animate Skeleton               Necromancy                   1
   c - Summon Small Mammal            Summoning                    1
   d - Apportation                    Translocation                1
Comestibles
 b - 7 rations


   Skills:
 + Level 5.9 Fighting
   Level 1.9 Short Blades
 + Level 3.5 Maces & Flails
 - Level 5.0 Dodging
 + Level 3.9 Stealth
 - Level 5.4 Unarmed Combat
 - Level 5.3 Spellcasting
 - Level 2.0 Conjurations
 - Level 2.1 Air Magic
 + Level 3.9 Poison Magic


You had 14 spell levels left.
You knew the following spells:

 Your Spells              Type           Power        Failure   Level  Hunger
a - Sting                 Conj/Pois      ###.         3%          1    None
b - Mephitic Cloud        Conj/Pois/Air  ###.....     12%         3    ##.....


Dungeon Overview and Level Annotations

Branches:
Dungeon (8/15)             Temple (1/1) D:4
   Lair: D:8-11

Altars:
Ashenzari
Cheibriados
Dithmenos
Elyvilon
Fedhas
Gozag
Hepliaklqana
Kikubaaqudgha
Makhleb
Nemelex Xobeh
Okawaru
Qazlal
Ru
Sif Muna
Trog
Uskayaw
Vehumet
Wu Jian
Xom
Yredelemnul
Zin
The Shining One

Shops:
D:7 =   D:8 }

Annotations:
D:4 exclusion: phantom


Innate Abilities, Weirdness & Mutations

You cannot wear most types of armour.
You are very stealthy in the water. (Stealth+)
You are amphibious.
You can wear up to eight rings at the same time.
You can use your tentacles to constrict eight enemies at once.
Your skin changes colour to match your surroundings (Stealth+).
Your rubbery body absorbs attacks. (AC +1, EV +1)


Message History

The bullfrog appears confused.
You hit the two-headed ogre but do no damage.
The two-headed ogre barely misses you.
The two-headed ogre hits you with a dire flail of protection!
You completely miss the two-headed ogre.
The two-headed ogre hits the two-headed ogre with a giant club.
The two-headed ogre barely misses the two-headed ogre.
The two-headed ogre hits you with a giant club!
The two-headed ogre hits you with a dire flail of protection!!
* * * LOW HITPOINT WARNING * * *
The bullfrog is distracted by the nearby gold.
The bullfrog gives a loud, deep croak!
It was a potion of might.
You feel very mighty all of a sudden.
You hear an angry hiss.
The iguana bites you!
* * * LOW HITPOINT WARNING * * *
The two-headed ogre hits you with a giant club!!
You die...
Your body crumbles into a pile of gold.

### #######
##.#########F......
#.........@lZ......
##.########O$##.##
#.# #.O# #.# #).#
#.# #..# #.# #..#
#.# #..# #.# #...
#.# #.##


You could see 2 two-headed ogres, a bullfrog (confused), an iguana and a quokka
skeleton.

Vanquished Creatures
  A two-headed ogre (D:7)
  A hippogriff (D:7)
  A wyvern (D:7)
  A porcupine (D:8)
  A sky beast (D:7)
  A necrophage (D:5)
  An ice beast (D:6)
  A centaur (D:5)
  A crocodile (D:8)
  2 bullfrogs (D:6)
  2 scorpions
  2 howler monkeys
  2 crimson imps
  2 hounds
  2 orc priests (D:5)
  Ijyb (D:3)
  3 iguanas
  4 orc wizards
  5 worker ants
  A hound zombie (D:5)
  A worker ant zombie (D:5)
  3 gnolls (D:5)
  6 adders
  A shadow imp (D:6)
  An ooze (D:1)
  2 adder skeletons
  3 worms
  3 dart slugs
  8 leopard geckos
  26 orcs
  A ball python (D:4)
  7 giant cockroaches
  5 goblins
  10 hobgoblins
  6 jackals
  6 quokkas
  8 bats
  4 frilled lizards
  A jackal skeleton (D:4)
  5 kobolds
  6 rats
148 creatures vanquished.

Vanquished Creatures (others)
  2 bushes (D:8)
  4 fungi (D:8)
  8 plants (D:8)
  4 toadstools (D:1)
18 creatures vanquished.

Grand Total: 166 creatures vanquished

Notes
Turn   | Place    | Note
-------+----------+-------------------------------------------
     0 | D:1      | Hekarica the Octopode Venom Mage began the quest for the Orb.
     0 | D:1      | Reached XP level 1. HP: 11/11 MP: 3/3
   140 | D:1      | Reached XP level 2. HP: 13/18 MP: 0/5
   373 | D:1      | Reached skill level 1 in Unarmed Combat
   575 | D:1      | Reached XP level 3. HP: 22/22 MP: 0/6
   677 | D:2      | Reached skill level 1 in Fighting
   790 | D:2      | Found a glowing silver altar of Zin.
  1139 | D:2      | Reached XP level 4. HP: 18/28 MP: 1/7
  1609 | D:3      | Learned a level 3 spell: Mephitic Cloud
  1894 | D:3      | Noticed Ijyb
  2267 | D:3      | Reached XP level 5. HP: 9/34 MP: 2/9
  2529 | D:3      | Killed Ijyb
  2529 | D:3      | Reached skill level 1 in Air Magic
  2939 | D:3      | Found an iron altar of Okawaru.
  3065 | D:4      | Noticed a phantom
  3269 | D:4      | Found a staircase to the Ecumenical Temple.
  3278 | Temple   | Entered the Ecumenical Temple
  3344 | Temple   | Became a worshipper of Gozag Ym Sagoz the Greedy
  3729 | D:4      | Reached XP level 6. HP: 41/41 MP: 5/10
  3750 | D:4      | Noticed Grinder
  3755 | D:4      | Noticed Grinder
  3755 | D:4      | Grinder changed into Grinder the crimson imp
  3767 | D:4      | Killed Grinder the crimson imp
  4164 | D:5      | Entered Level 5 of the Dungeon
  4559 | D:5      | Reached XP level 7. HP: 42/46 MP: 7/12
  5061 | D:5      | Found a sacrificial altar of Ru.
  5234 | D:6      | Reached skill level 1 in Short Blades
  5494 | D:6      | Reached XP level 8. HP: 50/54 MP: 12/14
  6567 | D:7      | Got a crystal mace
  6570 | D:7      | Identified the +5 mace "Killer Klown's Doom" {vamp, Str+7 Dex-2} (You found it on level 7 of the Dungeon)
  6941 | D:7      | Noticed a hippogriff
  6951 | D:7      | Noticed a two-headed ogre
  6969 | D:7      | Killed a two-headed ogre
  6969 | D:7      | Reached skill level 5 in Fighting
  6969 | D:7      | Reached skill level 5 in Unarmed Combat
  6969 | D:7      | Reached skill level 5 in Spellcasting
  6969 | D:7      | Reached XP level 9. HP: 61/61 MP: 0/16
  7388 | D:8      | Found Emmiex's Gadget Emporium.
  7425 | D:8      | Noticed a two-headed ogre
  7470 | D:8      | Noticed a two-headed ogre
  7625 | D:8      | Noticed a two-headed ogre
  7627 | D:8      | Noticed a two-headed ogre
  7630 | D:8      | Reached skill level 5 in Dodging
  7635 | D:8      | Demolished by a two-headed ogre

Skill      XL: |  1  2  3  4  5  6  7  8  9 |
---------------+----------------------------+-----
Stealth        | 3 |  3.9
Unarmed Combat | 1 2 3 4 5 |  5.4
Fighting       | 1 2 3 4 5 |  5.9
Air Magic      | 1 2 |  2.1
Dodging        | 3 4 5 |  5.0
Spellcasting   | 3 4 5 |  5.3
Conjurations   | 2 |  2.0
Short Blades   | 1 |  1.9
Maces & Flails | 2 3 |  3.5
Poison Magic   | |  3.9

Action                   |  1- 3 |  4- 6 |  7- 9 || total
-------------------------+-------+-------+-------++-------
Melee: Unarmed           |    51 |   125 |    84 ||   260
       Tentacles         |     7 |    19 |    22 ||    48
       Constrict         |    14 |    28 |    26 ||    68
       Punch             |       |     2 |     5 ||     7
       Mace              |       |       |    31 ||    31
 Cast: Sting             |    63 |    60 |   121 ||   244
       Mephitic Cloud    |       |     6 |    15 ||    21
Invok: Call Merchant     |       |       |     1 ||     1
Evoke: Wand              |       |     5 |     8 ||    13
  Use: Scroll            |     1 |     8 |     8 ||    17
       Potion            |       |     4 |     3 ||     7
 Stab: Sleeping          |       |     2 |       ||     2
  Eat: Ration            |     1 |     3 |     5 ||     9
Armor: Skin              |     2 |    10 |    13 ||    25
Dodge: Dodged            |    25 |    74 |    74 ||   173
